 Dungeon Crawl Stone Soup version 0.28.0-45-g0d030f2227 (webtiles) character file.

Game seed: 5446676601782650420

14 pkoi the Charlatan (level 2, 0/22 HPs)
             Began as a Demigod Artificer on Apr 19, 2022.
             Succumbed to a goblin's poison
             ... on level 1 of the Dungeon.
             The game lasted 00:01:12 (1079 turns).

pkoi the Charlatan (Demigod Artificer)              Turns: 1079, Time: 00:01:13

Health: 0/22       AC: 13    Str: 13    XL:     2   Next: 15%
Magic:  4/4        EV:  3    Int: 13    God:
Gold:   21         SH:  0    Dex: 14    Spells: 1/1 levels left

rFire   . . .      SeeInvis .   i - +0 rapier
rCold   . . .      Faith    .   (no shield)
rNeg    . . .      Spirit   .   f - +0 plate armour
rPois   .          Reflect  .   (no helmet)
rElec   .          Harm     .   (no cloak)
rCorr   .          Rampage  .   h - +2 pair of gloves
Will    .....                   (no boots)
Stlth   ..........              (no amulet)
HPRegen 0.07/turn               (no ring)
MPRegen 0.09/turn               (no ring)

@: lethally poisoned (0 -> -2)
A: high MP 1, forlorn, divine attributes
a: no special abilities


You were on level 1 of the Dungeon.
You visited 1 branch of the dungeon, and saw 1 of its levels.

You collected 21 gold pieces.

Inventory:

Hand Weapons
 a - a +0 club
 g - a +0 dagger
 i - a +0 rapier (weapon)
 k - a +2 dagger of venom
Armour
 b - a +0 leather armour
 f - a +0 plate armour (worn)
 h - a +2 pair of gloves (worn)
Wands
 c - a wand of flame (15) (quivered)
 d - a wand of charming (15)
Scrolls
 j - 2 scrolls of immolation
Miscellaneous
 e - a piece from Xom's chessboard (15/15)


   Skills:
 - Level 0.8 Fighting
 - Level 1.7 Armour
 - Level 0.8 Dodging
 - Level 0.8 Stealth
 + Level 0.8 Unarmed Combat
 + Level 3.2 Evocations


You had one spell level left.
You didn't know any spells.
Your spell library was empty.

Dungeon Overview and Level Annotations

Branches:
Dungeon (1/15)


Innate Abilities, Weirdness & Mutations

You have an increased reservoir of magic. (+10% MP)
You shall have no god before yourself.
Your divine heritage dramatically boosts your attributes as you level up.


Message History

You hit the frilled lizard.
You kill the frilled lizard!
You see here a frilled lizard corpse.
A goblin comes into view. It is wielding a +2 dagger of venom.
The goblin shouts!
You see here 3 scrolls labelled FUODAMPYXZA.
j - 3 scrolls labelled FUODAMPYXZA The goblin barely misses you.
You closely miss the goblin. The goblin hits you but does no damage.
You are poisoned.
You closely miss the goblin.
You feel very sick. The goblin hits you but does no damage.
You are lethally poisoned!
You hit the goblin.
You kill the goblin!
* * * LOW HITPOINT WARNING * * *
You feel very sick.
* * * LOW HITPOINT WARNING * * *
You feel very sick.
You see here a +2 dagger of venom.
k - a +2 dagger of venom
* * * LOW HITPOINT WARNING * * *
You feel very sick.
As you read the scroll labelled FUODAMPYXZA, it crumbles to dust.
The air around you briefly surges with heat, but it dissipates.
It was a scroll of immolation.
* * * LOW HITPOINT WARNING * * *
You feel sick.
You aren't carrying any potions.
There is a lethal amount of poison in your body!
* * * LOW HITPOINT WARNING * * *
You feel sick.
* * * LOW HITPOINT WARNING * * *
You feel sick.
* * * LOW HITPOINT WARNING * * *
You feel sick.
* * * LOW HITPOINT WARNING * * *
You feel sick.
You die...

######...########.......#######
'...............'.......'[.....
########.########.......########
# #.# #..............# # #.#
###+#'########.# # #.#
####+#)#...... ##### #.#
#........##### ....# #.#
#.....†....... .##.# #.#
#@......###### .##.# #.#
#............# ..#.# #.#
#............# #.#.# #.#
#.......###### #.#)# #.#
########.... #...# #.# .###
##..# #.# .# #..# #.# ##.# #.#


There were no monsters in sight!

Vanquished Creatures
  A ball python (D:1)
  3 endoplasms (D:1)
  A giant cockroach (D:1)
  A goblin (D:1)
  A hobgoblin (D:1)
  2 kobolds (D:1)
  A quokka (D:1)
  A frilled lizard (D:1)
11 creatures vanquished.

Notes
Turn   | Place    | Note
-------+----------+-------------------------------------------
     0 | D:1      | pkoi the Demigod Artificer began the quest for the Orb.
     0 | D:1      | Reached XP level 1. HP: 15/15 MP: 3/3
   266 | D:1      | Reached skill level 3 in Evocations
   762 | D:1      | Reached XP level 2. HP: 9/22 MP: 4/4
  1078 | D:1      | HP: 1/22 [poisoned by a goblin]
  1079 | D:1      | Succumbed to a goblin's poison

Illustrated notes

Levels and vault maps discovered:
D:1:      kennysheep_arrival_forest, layout_basic,
          dreamdust_ecumenical_altar_statues, minmay_crystal_room

Skill      XL: |  1 |
---------------+----+-----
Evocations     | 3 |  3.2
Fighting       | |  0.8
Armour         | |  1.7
Dodging        | |  0.8
Stealth        | |  0.8
Unarmed Combat | |  0.8

Action                   || total
-------------------------++-------
Melee: Rapier            ||    25
       Club              ||     8
  Use: Scroll            ||     1
Armor: Plate armour      ||    19
       Leather armour    ||     2
Dodge: Dodged            ||     9
